 Dungeon Crawl Stone Soup version 0.30-b1-2-g02819fbbbe (webtiles) character file.

Game seed: 7721986128495855085

35 Alarkh the Digger (level 3, 24/24 HPs)
             Began as a Demonspawn Earth Elementalist on May 29, 2023.
             Got out of the dungeon alive.
             The game lasted 00:01:10 (1241 turns).

Alarkh the Digger (Demonspawn Earth Elementalist)   Turns: 1241, Time: 00:01:10

Health: 24/24      AC:  2    Str:  8    XL:     3   Next: 16%
Magic:  6/6        EV: 12    Int: 18    God:
Gold:   74         SH:  0    Dex: 13    Spells: 6/7 levels left

rFire   . . .        i - +0 war axe (venom)
rCold   . . .        (no shield)
rNeg    . . .        a - +0 robe
rPois   .            (helmet restricted)
rElec   .            (no cloak)
rCorr   .            (no gloves)
SInv    .            (no boots)
Will    .....        (no amulet)
Stlth   ++           (no ring)
HPRegen 0.24/turn    (no ring)
MPRegen 0.10/turn

%: no passive effects
@: no status effects
A: antennae 1, demonic guardian 1
a: no special abilities


You escaped.
You visited 1 branch of the dungeon, and saw 2 of its levels.

You collected 74 gold pieces.

Inventory:

Hand Weapons
 c - a +0 whip
 i - a +0 war axe of venom (weapon)
Armour
 a - a +0 robe (worn)
Wands
 k - a wand of flame (7)
Scrolls
 d - 2 scrolls of identify {unknown}
 h - a scroll of amnesia {unknown}
 j - a scroll of enchant armour {unknown}
 l - a scroll of immolation {unknown}
Potions
 b - a potion of magic
 e - a potion of attraction {unknown}
 f - a potion of degeneration {unknown}
 g - a potion of resistance {unknown}


   Skills:
 - Level 1.7 Dodging
 - Level 1.7 Stealth
 + Level 2.5 Spellcasting
 - Level 0.8 Transmutations
 * Level 3.6 Earth Magic


You had 6 spell levels left.
You knew the following spells:

 Your Spells              Type           Power      Damage    Failure   Level
a - Sandblast             Erth           30%        2d9       4%          1

Your spell library contained the following spells:

 Spells                   Type           Power      Damage    Failure   Level
 Passwall                 Tmut/Erth      8%         N/A       11%         2
 Stone Arrow              Conj/Erth      16%        3d8       24%         3
 Petrify                  Tmut/Erth      10%        N/A       56%         4


Dungeon Overview and Level Annotations

Branches:
Dungeon (2/15)

Altars:


Innate Abilities, Weirdness & Mutations

You have a pair of small antennae on your head.
A weak demonic guardian rushes to your aid.


Message History

The kobold hits you but does no damage.
Casting: Sandblast (safe; 4% risk of failure)
Confirm with . or Enter, or press ? or * to list all spells.
Aiming: Sandblast (safe; 4% risk of failure)
Press: ? - help, Shift-Dir - straight line, f/p - kobold
Aim: a kobold, wielding a +0 dagger (77% to hit)
The blast of sand hits the kobold.
You kill the kobold!
The adder bites you.
You are poisoned.
The adder poisons you!
Casting: Sandblast (safe; 4% risk of failure)
Confirm with . or Enter, or press ? or * to list all spells.
Aiming: Sandblast (safe; 4% risk of failure)
Press: ? - help, Shift-Dir - straight line, f - adder
Aim: an adder (70% to hit)
The blast of sand hits the adder!
The adder is heavily wounded.
You feel sick. The adder bites you but does no damage.
The adder barely misses you.
You hit the adder.
You kill the adder!
You feel sick.
You have reached level 3!
Your experience leads to an increase in your attributes!
Increase (S)trength, (I)ntelligence, or (D)exterity?
You feel clever. x2; Your demonic ancestry asserts itself...
A pair of antennae grows on your head!
You feel sick.
You feel sick.
You are no longer poisoned.
There is a stone staircase leading up here.
You climb upwards.
There is a stone staircase leading down here.
You see here a +0 dagger.
There is a transporter here.
You enter the transporter and appear at another place.
There is a staircase leading out of the dungeon here.
Are you sure you want to leave the Dungeon?
This will make you lose the game!
You have escaped!

#.# #.≈≈~~.~≈≈≈≈≈#..#
#.# #.≈~~...~≈≈≈≈#..#
#.#####.≈~.©>©.~≈≈≈~..#
#.......≈≈~.♣.~≈≈≈≈≈..#
########≈≈≈~~~~≈≈≈≈~#.#
#~≈≈≈≈≈≈≈≈≈≈≈≈.#
##~≈≈≈≈~~~~~≈≈.#
#≈≈≈≈≈~.♣.~~≈.#
#~≈≈≈~.©@©.~≈##
##~≈≈≈~...~≈≈#
##########≈≈≈≈≈~.~≈≈≈#
..........≈≈≈≈≈≈≈.≈≈≈#
##.........≈≈≈≈≈.≈≈≈≈#
#.#####....~≈≈.≈~≈~.#
#.# ##.......####.#
##.# ###..........#
...# ############


There were no monsters in sight!

Vanquished Creatures
  An adder (D:2)
  3 endoplasms (D:1)
  2 goblins (D:2)
  2 hobgoblins (D:2)
  3 jackals (D:1)
  2 quokkas (D:2)
  3 bats (D:1)
  4 kobolds
  2 rats
22 creatures vanquished.

Notes
Turn   | Place    | Note
-------+----------+-------------------------------------------
     0 | D:1      | Alarkh the Demonspawn Earth Elementalist began the quest
                  | for the Orb.
     0 | D:1      | Reached XP level 1. HP: 13/13 MP: 3/3
   110 | D:1      | Reached skill level 3 in Earth Magic
   136 | D:1      | Found a faded altar of an unknown god.
   216 | D:1      | Gained mutation: A weak demonic guardian rushes to your
                  | aid. [demonic ancestry]
   216 | D:1      | Reached XP level 2. HP: 19/19 MP: 3/5
  1109 | D:2      | Gained mutation: You have a pair of small antennae on your
                  | head. [demonic ancestry]
  1109 | D:2      | Reached XP level 3. HP: 18/24 MP: 0/6
  1241 | D:$      | Got out of the dungeon alive.

Illustrated notes

Levels and vault maps discovered:
D:1:      spicycebolla_arrival_transporter_tutorial, layout_loops_ring,
          dreamdust_ecumenical_altar_angels_and_demons
D:2:      layout_basic, hangedman_decor_points

Skill      XL: |  1 |
---------------+----+-----
Earth Magic    | 3 |  3.6
Dodging        | |  1.7
Stealth        | |  1.7
Spellcasting   | |  2.5
Transmutations | |  0.8

Action                     || total
---------------------------++-------
  Melee: Unarmed           ||    10
         War axe           ||     4
         Whip              ||     1
   Cast: Sandblast         ||    32
   Stab: Sleeping          ||     2
 Armour: Robe              ||     8
  Dodge: Dodged            ||    17
